 Dungeon Sprint DCSS version 0.17-a0-1184-gb75be8f (webtiles) character file.

1284 Kidiri the Thaumaturge (level 8, -13/41 HPs)
             Began as a Deep Elf Necromancer on June 1, 2015.
             Was an Initiate of Kikubaaqudgha.
             Killed from afar by an orc sorcerer (25 damage)
             ... with a bolt of fire
             ... in the Dungeon (Sprint III: "The Ten Rune Challenge").
             The game lasted 00:12:55 (1780 turns).

Kidiri the Thaumaturge (Deep Elf Necromancer)       Turns: 1780, Time: 00:12:55

Health: -13/41     AC: 14    Str:  8    XL:     8   Next: 29%
Magic:  16/26      EV: 10    Int: 22    God:    Kikubaaqudgha [......]
Gold:   20         SH:  0    Dex: 15    Spells: 6 memorised, 16 levels left

rFire  . . .     SeeInvis .     y - +1 dagger (speed)
rCold  . . .     Clarity  .     c - +0 scale mail
rNeg   . . .     SustAt   .     (no shield)
rPois  .         Gourm    .     (no helmet)
rElec  .         Spirit   .     l - +2 cloak {+Inv}
rCorr  .         Warding  .     (no gloves)
rMut   .         NoTele   +     (no boots)
MR     .....                    (no amulet)
Stlth  +++.......               (no ring)
                                (no ring)

@: very slightly contaminated, regenerating, not resistant to hostile
enchantments, fairly stealthy
A: icy blue scales 2, yellow scales 1, blurry vision 1, strong 1
a: Renounce Religion, Evoke Invisibility


You were in the Dungeon.
You worshipped Kikubaaqudgha.
Kikubaaqudgha was noncommittal.
You were hungry.

You visited 1 branch You collected 20 gold pieces.

Inventory:

Hand weapons
 d - a +4 quarterstaff of chaos
 e - a +0 dagger
 h - a cursed -3 dagger
 v - a +2 vampiric dagger
 y - a +1 dagger of speed (weapon)
Armour
 a - a +0 robe
 c - a +0 scale mail (worn)
 k - a +0 leather armour
 l - a +2 cloak of invisibility (worn)
 m - a +0 robe
 w - a +0 robe
Scrolls
 i - 2 scrolls of blinking
 j - 2 scrolls of identify {unknown}
 o - 2 scrolls of holy word {unknown}
 p - 2 scrolls of enchant armour {unknown}
 q - a scroll of immolation {unknown}
Potions
 f - a potion of haste
 g - 2 potions of magic
 s - 4 potions of cure mutation
 t - 3 potions of flight
Books
 b - a book of Necromancy

   Spells                             Type                      Level
   a - Pain                           Necromancy                   1
   b - Animate Skeleton               Necromancy                   1
   c - Vampiric Draining              Necromancy                   3
   d - Regeneration                   Charms/Necromancy            3
   e - Animate Dead                   Necromancy                   4
   f - Control Undead                 Necromancy                   4
 n - a book of Geomancy

   Spells                             Type                      Level
   a - Sandblast                      Earth                        1
   b - Stoneskin                      Transmutation/Earth          2
   c - Passwall                       Transmutation/Earth          3
   d - Stone Arrow                    Conjuration/Earth            3
   e - Petrify                        Transmutation/Earth          4
   f - Lee's Rapid Deconstruction     Earth                        5
 u - a book of Summonings

   Spells                             Type                      Level
   a - Recall                         Summoning/Translocation      3
   b - Aura of Abjuration             Summoning                    5
   c - Shadow Creatures               Summoning                    5
   d - Summon Demon                   Summoning                    5
   e - Summon Forest                  Summoning/Translocation      5
   f - Summon Mana Viper              Hexes/Summoning              5
Comestibles
 r - 7 fruits
 x - a royal jelly


   Skills:
 + Level 8.4 Dodging
 + Level 9.2 Stealth
 * Level 12.5 Spellcasting
 + Level 8.0 Charms
 * Level 12.2 Necromancy
 + Level 6.1 Evocations


You had 16 spell levels left.
You knew the following spells:

 Your Spells              Type           Power        Failure   Level  Hunger
a - Pain                  Necr           ####         1%          1    None
b - Animate Skeleton      Necr           N/A          1%          1    None
c - Vampiric Draining     Necr           ######....   1%          3    None
d - Regeneration          Chrm/Necr      ######....   2%          3    None
e - Animate Dead          Necr           N/A          3%          4    None
f - Control Undead        Necr           ######....   3%          4    None


Dungeon Overview and Level Annotations

Branches:
Dungeon (1/1)

Altars:
Cheibriados
Dithmenos
Elyvilon
Fedhas
Gozag
Kikubaaqudgha
Makhleb
Nemelex Xobeh
Okawaru
Qazlal
Ru
Sif Muna
Trog
Vehumet
Xom
Yredelemnul
Zin
The Shining One
Jiyva
Lugonu

Shops:
D (

Annotations:
D Erica


Innate Abilities, Weirdness & Mutations

You are mostly covered in icy blue scales (AC +3, EV -1).
You are partially covered in yellow scales (AC +2).
Scrolls take you a little longer to read.
Your muscles are strong. (Str +2)


Message History

The bolt of fire misses you.
Casting: Pain
Confirm with . or Enter, or press ? or * to list all spells.
You call on the dead to rise...
The dead are walking!
Something hits your orc zombie!!
Your orc zombie is destroyed!
The orc sorcerer hits your orc zombie with a dagger.
Unknown command.
Casting: Animate Dead
Confirm with . or Enter, or press ? or * to list all spells.
Your skin crawls.
You flicker back into view.
The orc hits you but does no damage.
The orc sorcerer points at you and mumbles some strange words.
The bolt of fire hits your orc zombie.
The bolt of fire hits the orc.
The orc dies!
The bolt of fire hits you!
Ouch! That really hurt!
You die...
Kikubaaqudgha rasps: "You have failed me!
Welcome... death!"

▓▓▓ ▓▓▓
##.############### $#$##
##..#___#__.#__##$##$$#∩.
.#..#...#...#._#.$.....o.
.#..###'#'###'##.ooo.o..#
'#..#..........#oZoo3o.o#
#...'.⌠........#o)#
#...#...######'#)##
....#.⌠.#__#...#@#####
....#...#__#...#..§§§+
....#'###__#...#.#§§§#
....#...#__#...'.#§§.#
....#___#_.'...#.#§.§#
▓▓▓▓▓▓▓▓▓▓▓▓▓▓▓▓▓▓▓▓▓▓


You could see 2 orc sorcerers, an orc priest, 3 orcs and a friendly orc zombie.

Vanquished Creatures
  An orc sorcerer (D)
  A shadow (D)
  A spatial vortex (D)
  A necrophage (D)
  A water elemental (D)
  A jelly (D)
  Crazy Yiuf (D)
  A wizard (D)
  Jessica (D)
  A necromancer (D)
  3 humans (D)
  A kobold demonologist (D)
  2 oozes (D)
  A rat (D)
17 creatures vanquished.

Vanquished Creatures (collateral kills)
  A deep elf priest (D)
1 creature vanquished.

Vanquished Creatures (others)
  2 draconian scorchers (D)
  A hydra (D)
  A yaktaur (D)
  An electric eel (D)
  2 orcs (D)
  4 plants (D)
11 creatures vanquished.

Grand Total: 29 creatures vanquished

Notes
Turn   | Place    | Note
--------------------------------------------------------------
     0 | D        | Kidiri the Deep Elf Necromancer began the quest for the Orb.
     0 | D        | Reached XP level 1. HP: 10/10 MP: 6/6
     5 | D        | Learned a level 1 spell: Animate Skeleton
    11 | D        | Reached skill level 5 in Necromancy
    24 | D        | Killed a yaktaur
    81 | D        | Reached XP level 2. HP: 13/15 MP: 6/9
   142 | D        | Noticed Jessica
   149 | D        | Killed Jessica
   149 | D        | Reached skill level 5 in Spellcasting
   149 | D        | Reached skill level 6 in Necromancy
   149 | D        | Reached XP level 3. HP: 12/19 MP: 6/12
   154 | D        | Learned a level 3 spell: Vampiric Draining
   224 | D        | Killed a white draconian scorcher
   280 | D        | Learned a level 3 spell: Regeneration
   320 | D        | Your ally Jessica died
   555 | D        | Noticed Crazy Yiuf
   559 | D        | Killed Crazy Yiuf
   559 | D        | Reached skill level 5 in Stealth
   559 | D        | Reached skill level 7 in Necromancy
   559 | D        | Reached XP level 4. HP: 12/24 MP: 6/14
   565 | D        | Killed an eight-headed hydra
   573 | D        | Learned a level 4 spell: Animate Dead
   578 | D        | Learned a level 4 spell: Control Undead
   594 | D        | Gained mutation: You are partially covered in icy blue scales (AC +1). [potion of mutation]
   594 | D        | Gained mutation: You are mostly covered in icy blue scales (AC +3, EV -1). [potion of mutation]
   595 | D        | Gained mutation: You are partially covered in yellow scales (AC +2). [potion of mutation]
   595 | D        | Gained mutation: Scrolls take you a little longer to read. [potion of mutation]
   595 | D        | Gained mutation: Your muscles are strong. (Str +2) [potion of mutation]
   614 | D        | Noticed a water elemental
   618 | D        | Killed a water elemental
   618 | D        | Reached skill level 5 in Dodging
   618 | D        | Reached skill level 8 in Necromancy
   618 | D        | Reached skill level 1 in Evocations
   618 | D        | Reached XP level 5. HP: 10/28 MP: 15/17
   634 | D        | Killed a white draconian scorcher
   847 | D        | Found a basalt altar of Yredelemnul.
   847 | D        | Found a snail-covered altar of Cheibriados.
   847 | D        | Found a blossoming altar of Fedhas.
   847 | D        | Noticed a necrophage
   847 | D        | Noticed a necromancer
   851 | D        | Killed a necromancer
   857 | D        | Killed a necrophage
   857 | D        | Reached skill level 9 in Necromancy
   875 | D        | Found a glowing silver altar of Zin.
   875 | D        | Found a glowing golden altar of the Shining One.
   875 | D        | Found a white marble altar of Elyvilon.
   876 | D        | Noticed a deep elf priest
   888 | D        | Killed a deep elf priest
   888 | D        | Reached skill level 5 in Charms
   888 | D        | Reached XP level 6. HP: 4/32 MP: 12/20
  1108 | D        | Killed an electric eel
  1165 | D        | Found an iron altar of Okawaru.
  1165 | D        | Found a bloodstained altar of Trog.
  1165 | D        | Noticed a human
  1166 | D        | Noticed a human
  1182 | D        | Killed a human
  1182 | D        | Reached skill level 10 in Spellcasting
  1182 | D        | Reached skill level 10 in Necromancy
  1189 | D        | Killed a human
  1189 | D        | Reached XP level 7. HP: 30/36 MP: 1/23
  1452 | D        | Found a radiant altar of Vehumet.
  1452 | D        | Found a deep blue altar of Sif Muna.
  1452 | D        | Found an ancient bone altar of Kikubaaqudgha.
  1452 | D        | Noticed a wizard
  1461 | D        | Killed a wizard
  1461 | D        | Reached skill level 11 in Spellcasting
  1463 | D        | Reached skill level 5 in Evocations
  1490 | D        | Noticed a jelly
  1495 | D        | Killed a jelly
  1496 | D        | Noticed a shadow
  1499 | D        | Killed a shadow
  1505 | D        | Found a stormy altar of Qazlal.
  1505 | D        | Found a sacrificial altar of Ru.
  1505 | D        | Found a burning altar of Makhleb.
  1505 | D        | Found a shimmering altar of Xom.
  1505 | D        | Noticed a spatial vortex
  1506 | D        | Found a viscous altar of Jiyva.
  1506 | D        | Found a shadowy altar of Dithmenos.
  1506 | D        | Found a sparkling altar of Nemelex Xobeh.
  1506 | D        | Found a corrupted altar of Lugonu.
  1506 | D        | Found an opulent altar of Gozag.
  1518 | D        | Killed a spatial vortex
  1554 | D        | Became a worshipper of Kikubaaqudgha
  1624 | D        | Noticed Erica
  1766 | D        | Noticed an orc sorcerer
  1767 | D        | Found Wuvetoip's Antique Weapon Shop.
  1767 | D        | Noticed an orc warrior
  1767 | D        | Noticed an orc priest
  1767 | D        | Noticed an orc wizard
  1768 | D        | Noticed an orc sorcerer
  1768 | D        | Noticed an orc sorcerer
  1770 | D        | Paralysed by an orc sorcerer for 5 turns
  1775 | D        | Noticed a sun demon
  1778 | D        | Killed an orc sorcerer
  1778 | D        | Reached skill level 12 in Spellcasting
  1778 | D        | Reached XP level 8. HP: 11/41 MP: 23/26
  1780 | D        | Killed from afar by an orc sorcerer

Vault maps used:
D:        dungeon_sprint_mu

Action                   |  1- 3 |  4- 6 |  7- 9 || total
-------------------------+-------+-------+-------++-------
Melee: Quarterstaff      |       |    17 |     7 ||    24
       Dagger            |       |       |     6 ||     6
 Cast: Pain              |    21 |    13 |    17 ||    51
       Animate Skeleton  |     3 |       |       ||     3
       Vampiric Draining |     1 |     3 |     5 ||     9
       Animate Dead      |       |     2 |     3 ||     5
       Regeneration      |       |     1 |     1 ||     2
 Abil: Evoke Invisibilit |       |     1 |     2 ||     3
  Use: Potion            |     1 |     4 |       ||     5
 Stab: Sleeping          |       |     1 |     4 ||     5
       Petrifying        |       |     1 |       ||     1
       Distracted        |       |       |     1 ||     1
  Eat: Bread ration      |       |     1 |       ||     1
